 Dungeon Crawl Stone Soup version 0.28.0 (webtiles) character file.

Game seed: 8703026184711511512

96214 skewfiend the Convoker (level 16, -8/138 HPs)
             Began as a Merfolk Summoner on Feb 14, 2022.
             Was the Champion of Nemelex Xobeh.
             Mangled by a +2 halberd of venom (19 damage)
             ... on level 1 of the Elven Halls.
             The game lasted 02:30:50 (30859 turns).

skewfiend the Convoker (Merfolk Summoner)          Turns: 30859, Time: 02:30:52

Health: -8/138     AC: 17    Str:  8    XL:     16   Next: 16%
Magic:  3/26       EV: 18    Int: 18    God:    Nemelex Xobeh [******]
Gold:   1712       SH:  0    Dex: 15    Spells: 9/34 levels left

rFire   + + .      SeeInvis .   a - +6 trident (freeze)
rCold   + . .      Faith    .   (no shield)
rNeg    + . .      Spirit   .   C - +4 troll leather armour {Snorg}
rPois   +          Reflect  .   m - +0 helmet
rElec   .          Harm     .   z - +0 cloak {Stlth+}
rCorr   .          Rampage  .   W - +2 pair of gloves of Shrieking Wonder {rPois rC+ Regen+ Int-4}
Will    +....                   V - +1 pair of boots
Stlth   +++.......              B - amulet of magic regeneration
HPRegen 1.93/turn               w - ring of positive energy
MPRegen 0.60/turn               P - ring of protection from fire

@: very slightly contaminated
A: (nimble swimmer 2), mertail, fire resistance 1, low MP 1, robust 1
a: Renounce Religion, Draw Escape, Draw Destruction, Draw Summoning, Draw Stack,
Triple Draw, Deal Four, Stack Five


You were on level 1 of the Elven Halls.
You worshipped Nemelex Xobeh.
Nemelex Xobeh was exalted by your worship.
You visited 5 branches of the dungeon, and saw 22 of its levels.
You also visited: Sewer, Ossuary and Gauntlet.

You collected 2247 gold pieces.
You spent 535 gold pieces at shops.

Inventory:

Hand Weapons
 a - a +6 trident of freezing (weapon)
 n - a +3 long sword of electrocution
Missiles
 M - 4 curare-tipped darts
Armour
 l - a +2 robe of the Archmagi
 m - a +0 helmet (worn)
 o - the +2 pair of gloves of Lightning Storm {Harm Int+4}
   (You bought it in a shop on level 2 of the Orcish Mines)

   Int:       It affects your intelligence (+4).
   Harm:      It increases damage dealt and taken.
 z - a +0 cloak of stealth (worn)
 C - a +4 troll leather armour (worn) {Snorg}
 V - a +1 pair of boots (worn)
 W - the +2 pair of gloves of Shrieking Wonder (worn) {rPois rC+ Regen+ Int-4}
   (You found it on level 6 of the Lair of Beasts)

   Int:       It affects your intelligence (-4).
   rC:        It protects you from cold.
   rPois:     It protects you from poison.
   Regen:     It increases your rate of health regeneration.
Magical Staves
 x - a staff of cold
 Z - a staff of earth
Jewellery
 w - a ring of positive energy (left hand)
 B - an amulet of magic regeneration (around neck)
 P - a ring of protection from fire (right hand)
Wands
 b - a wand of charming (1)
 c - a wand of iceblast (22)
 f - a wand of paralysis (3)
 k - a wand of digging (4)
 J - a wand of acid (3)
 N - a wand of mindburst (23)
Scrolls
 e - 7 scrolls of identify
 h - 6 scrolls of magic mapping
 i - 2 scrolls of noise
 j - 10 scrolls of teleportation
 s - a scroll of enchant weapon
 D - a scroll of summoning
 I - 4 scrolls of blinking
 K - 2 scrolls of fear
Potions
 d - 11 potions of might
 p - 4 potions of invisibility
 q - 3 potions of resistance
 r - a potion of cancellation
 t - 2 potions of haste
 u - 6 potions of heal wounds
 v - 9 potions of curing
 A - 2 potions of flight
 G - 5 potions of brilliance
Miscellaneous
 g - a phantom mirror
 T - a box of beasts


   Skills:
 + Level 11.4 Fighting
 + Level 13.4 Polearms
 + Level 6.1 Armour
 + Level 13.8 Dodging
 - Level 2.1 Stealth
 + Level 9.8 Spellcasting
 - Level 2.0 Hexes
 * Level 15.2 Summonings
 - Level 3.0 Translocations
 - Level 3.0 Air Magic
 + Level 11.2 Invocations


You had 9 spell levels left.
You knew the following spells:

 Your Spells              Type           Power      Damage    Failure   Level
a - Summon Small Mammal   Summ           100%       N/A       1%          1
b - Call Imp              Summ           59%        N/A       1%          2
c - Call Canine Familiar  Summ           59%        N/A       1%          3
d - Summon Guardian Gole  Hex/Summ       40%        N/A       1%          3
e - Summon Lightning Spi  Summ/Air       41%        N/A       2%          4
f - Summon Forest         Summ/Tloc      20%        N/A       7%          5
g - Summon Hydra          Summ           29%        N/A       17%         7

Your spell library contained the following spells:

 Spells                   Type           Power      Damage    Failure   Level
 Slow                     Hex            64%        N/A       4%          1
 Shock                    Conj/Air       56%        1d6       6%          1
 Gell's Gravitas          Tloc           19%        N/A       10%         3
 Lesser Beckoning         Tloc           19%        N/A       10%         3
 Swiftness                Air            19%        N/A       10%         3
 Teleport Other           Tloc           19%        N/A       10%         3
 Confusing Touch          Hex            16%        N/A       14%         3
 Tukima's Dance           Hex            16%        N/A       14%         3
 Dazzling Flash           Conj/Hex       24%        N/A       22%         3
 Conjure Flame            Conj/Fire      8%         6-21      32%         3
 Ignite Poison            Fire/Tmut/Pois 8%         N/A       32%         3
 Vampiric Draining        Necr           8%         2d6       32%         3
 Airstrike                Air            9%         N/A       32%         4
 Cause Fear               Hex            8%         N/A       43%         4
 Iskenderun's Mystic Bla  Conj/Tloc      14%        2d5       52%         4
 Anguish                  Hex/Necr       6%         N/A       58%         4
 Sticky Flame             Conj/Fire      8%         2d3       73%         4
 Silence                  Hex/Air        8%         N/A       73%         5
 Freezing Cloud           Conj/Ice/Air   6%         6-21      90%         5
 Agony                    Necr           8%         N/A       97%         5
 Spellforged Servitor     Conj/Summ      18%        N/A       99%         7
 Eringya's Noxious Bog    Tmut/Pois      4%         N/A       100%        6
 Simulacrum               Ice/Necr       4%         N/A       100%        6
 Starburst                Conj/Fire      4%         6d3       100%        6
 Dragon Form              Tmut           4%         N/A       100%        7
 Enfeeble                 Hex            8%         N/A       100%        7
 Orb of Destruction       Conj           4%         9d5       100%        7
 Chain Lightning          Conj/Air       7%         3d9       100%        9
 Dragon's Call            Summ           29%        N/A       100%        9
 Fire Storm               Conj/Fire      4%         8d1       100%        9
 Polar Vortex             Ice            4%         N/A       100%        9
 Shatter                  Erth           4%         3d7*      100%        9


Dungeon Overview and Level Annotations

Branches:
Dungeon (12/15)            Temple (1/1) D:5            Lair (6/6) D:8
 Shoals (0/4) Lair:3       Spider (0/4) Lair:4        Slime (0/5) Lair:5
    Orc (2/2) D:12            Elf (1/3) Orc:2         Sewer (visited)
Ossuary (visited)         Gauntlet (visited)

Altars:
Ashenzari
Cheibriados
Dithmenos
Elyvilon
Fedhas
Gozag
Hepliaklqana
Kikubaaqudgha
Makhleb
Nemelex Xobeh
Okawaru
Qazlal
Ru
Sif Muna
Trog
Uskayaw
Vehumet
Wu Jian
Xom
Yredelemnul
Zin
The Shining One
Beogh

Shops:
D:7 (   Orc:2 :*([   Elf:1 ?

Annotations:
D:10 3 runed translucent doors


Innate Abilities, Weirdness & Mutations

((You are very nimble when in or above water. (Stealth+, EV+, Speed+++)))
Your lower body shifts to a powerful aquatic tail in water.
Your flesh is heat resistant. (rF+)
Your magical capacity is low. (-10% MP)
You are robust. (+10% HP)


Message History

Unknown command.
You swap places.
You feel extremely sick.
Your seven-headed hydra bites the nameless horror.
Your seven-headed hydra completely misses the nameless horror.
Your seven-headed hydra bites the nameless horror!
Your seven-headed hydra bites the nameless horror but does no damage.
Your seven-headed hydra bites the nameless horror.
Your seven-headed hydra bites the nameless horror but does no damage. x2
Send 'em back where they came from!
Your seven-headed hydra disappears in a puff of smoke!
You feel very sick.
You draw a card...
You have drawn Vitriol.
Press: ? - help, Shift-Dir - straight line, f - nameless horror
Aim: a nameless horror (moderately damaged, durably summoned)
The bolt of acid hits the nameless horror!!!
The acid corrodes the nameless horror!
You destroy the nameless horror!
That felt strangely unrewarding.
You feel very sick.
The +2 halberd of venom hits you but does no damage.
The +2 halberd of venom hits you from afar!
* * * LOW HITPOINT WARNING * * *
You feel very sick.
You feel very sick.
The +2 halberd of venom hits you from afar.
* * * LOW HITPOINT WARNING * * *
You are more poisoned.
You feel better.
The +2 halberd of venom hits you from afar!
* * * LOW HITPOINT WARNING * * *
You draw... (choose one card, ? for their descriptions)
a - the Cloud
b - the Elixir c - Velocity You have drawn Velocity.
Nothing appears to happen.
The +2 halberd of venom hits you from afar!!
You die...
Your body glows with a rainbow of weird colours and disappears.

#...# #..)# #..)#
#...# #...# #...#
#..(#
#...#########+##
#...@...........
#...............
#...............
########'#########+
..................
..................
.#######....###+##
#)....#....# ..
#.<)..#....# .


You could see a +2 halberd of venom.

Vanquished Creatures
  Snorg (D:11)
  An ettin (Orc:2)
  A hydra (Lair:5)
  A boulder beetle (D:11)
  A centaur warrior (D:11)
  3 death yaks (Lair:4)
  A deep elf archer (Elf:1)
  An orange crystal statue (D:10)
  A deep elf zephyrmancer (Elf:1)
  2 orc sorcerers (Orc:2)
  An orc knight (Orc:2)
  2 deep elf pyromancers (Elf:1)
  A wolf spider (Lair:6)
  2 elephants (Lair:6)
  2 cyclopes
  Maurice (D:8)
  A black mamba (Lair:6)
  3 cane toads (Lair:6)
  6 rime drakes
  A komodo dragon (Lair:6)
  3 trolls
  A polar bear (Lair:4)
  2 dream sheep (Lair:4)
  5 blink frogs
  2 wraiths (D:11)
  14 wyverns
  6 yaks
  A vampire (D:9)
  2 redbacks (Lair:6)
  A fire bat (Orc:2)
  2 vampire mosquitoes (D:10)
  Grum (D:11)
  3 basilisks
  2 wargs (Orc:1)
  6 water moccasins
  7 nameless horrors
  A floating eye (Lair:5)
  8 orc warriors
  An ice beast (D:5)
  A sky beast (D:7)
  2 ogres
  2 centaurs
  A wolf (D:11)
  A lemure (D:8)
  4 bullfrogs
  2 scorpions (D:4)
  2 jellies
  4 centaur zombies
  An orc priest (Orc:2)
  6 hell rats
  An iguana (D:6)
  7 orc wizards
  A hound zombie (Ossuary)
  A mummy (Ossuary)
  A howler monkey skeleton (D:5)
  7 river rats
  2 adders
  3 gnolls
  3 white imps
  An ufetubus (D:4)
  An adder zombie (Ossuary)
  A worm (Sewer)
  22 orcs
  2 ball pythons
  4 endoplasms (Sewer)
  3 giant cockroaches
  3 goblins
  A hobgoblin (D:3)
  A jackal (D:1)
  7 quokkas
  2 bats (D:3)
  A gnoll zombie (Ossuary)
  2 goblin zombies (Ossuary)
  A hobgoblin zombie (Ossuary)
  2 jackal zombies (Ossuary)
  2 kobolds
  A kobold zombie (Ossuary)
  3 quokka zombies (Ossuary)
  13 rats
  A rat zombie (Ossuary)
  A snaplasher vine (Lair:5)
228 creatures vanquished.

Vanquished Creatures (collateral kills)
  A minotaur (Gauntlet)
  A deep elf death mage (Elf:1)
  2 boulder beetles (D:12)
  3 hydras
  Erica (Lair:1)
  2 catoblepae
  4 death yaks (Lair:6)
  3 two-headed ogres
  A dancing weapon (Elf:1)
  Urug (D:11)
  2 orc high priests
  3 sixfirhies (Gauntlet)
  A fire crab (Lair:6)
  A deep elf archer (Elf:1)
  3 deep elf zephyrmancers (Elf:1)
  3 deep elf pyromancers (Elf:1)
  A wolf spider (Lair:6)
  5 orc knights (Orc:2)
  3 cyclopes
  An ugly thing (D:12)
  10 black mambas
  A merfolk siren (Lair:3)
  A guardian serpent (Lair:6)
  4 centaur zombies
  12 elephants
  An eye of devastation (Lair:5)
  13 cane toads
  4 rime drakes
  A kobold demonologist (D:11)
  6 komodo dragons
  An ice devil (Gauntlet)
  A troll (Orc:2)
  2 hornets (Lair:6)
  Grinder (D:4)
  A meliai zombie (D:10)
  12 blink frogs
  5 dream sheep (Lair:4)
  3 vampires
  2 wraiths
  11 wyverns
  49 yaks
  5 basilisks
  A redback (Lair:6)
  2 vampire mosquitoes (D:10)
  2 steam dragons
  2 wargs
  Edmund (D:6)
  2 swamp worms (Gauntlet)
  2 acid dragons (D:12)
  20 water moccasins
  A swamp drake (D:11)
  2 black bears
  21 orc warriors
  2 sky beasts
  2 necrophages (D:5)
  7 ogres
  10 wolves
  A centaur (D:11)
  A phantom (D:7)
  Blork the orc (D:6)
  2 elf zombies (Ossuary)
  A wyvern zombie (D:5)
  9 bullfrogs
  6 scorpions
  2 water moccasin zombies (D:5)
  4 killer bees (D:9)
  3 wights (D:9)
  An electric eel (Lair:1)
  3 howler monkeys (D:8)
  4 jellies
  A hound (D:4)
  A human zombie (Ossuary)
  15 orc priests
  3 iguanas
  15 orc wizards
  9 hell rats
  9 nameless horrors
  2 hound zombies (Ossuary)
  2 mummies (Ossuary)
  Robin (D:2)
  9 gnolls
  4 adders
  10 river rats (Lair:2)
  2 worm zombies (D:5)
  An adder zombie (Ossuary)
  2 worms (Sewer)
  2 dart slugs
  44 orcs
  10 endoplasms
  4 giant cockroaches
  A gnoll zombie (Ossuary)
  11 goblins
  7 hobgoblins
  6 jackals
  4 quokkas
  3 training dummies (D:7)
  8 ball pythons
  4 bats
  2 frilled lizards (Sewer)
  2 goblin zombies (Ossuary)
  A jackal zombie (Ossuary)
  6 kobolds
  2 orc zombies (Ossuary)
  4 quokka zombies (Ossuary)
  10 rats
  4 rat zombies (Ossuary)
  A bush (Lair:2)
525 creatures vanquished.

Vanquished Creatures (others)
  An orc warlord (Orc:2)
  A boulder beetle (D:12)
  4 hydras
  2 death yaks (Lair:6)
  Sonja (D:11)
  2 deep elf zephyrmancers (Elf:1)
  A manticore (D:11)
  Pikel (D:8)
  A deep elf pyromancer (Elf:1)
  An elephant (Lair:2)
  2 cane toads (Lair:1)
  A gargoyle (D:12)
  A blink frog (Lair:3)
  5 yaks
  Menkaure (D:7)
  Duvessa (D:7)
  4 orc warriors
  2 wolves
  A bullfrog (Lair:3)
  Dowan (D:7)
  2 gnoll shamans
  An orc wizard (D:8)
  A hell rat (Lair:2)
  An orc (D:7)
  A bush (Lair:2)
  98 fungi
  127 plants
  14 snaplasher vines
279 creatures vanquished.

Grand Total: 1032 creatures vanquished

Notes
Turn   | Place    | Note
-------+----------+-------------------------------------------
     0 | D:1      | skewfiend the Merfolk Summoner began the quest for the Orb.
     0 | D:1      | Reached XP level 1. HP: 13/13 MP: 3/3
   299 | D:1      | Reached XP level 2. HP: 20/20 MP: 1/5
   517 | D:1      | Learned a level 2 spell: Call Imp
   669 | D:1      | Reached skill level 1 in Fighting
   995 | D:1      | Reached XP level 3. HP: 26/26 MP: 3/6
  1003 | D:1      | Learned a level 3 spell: Call Canine Familiar
  1840 | D:2      | Reached XP level 4. HP: 33/33 MP: 2/7
  2284 | D:2      | Noticed Robin
  2303 | D:2      | Killed Robin
  2787 | D:3      | Reached skill level 5 in Summonings
  2860 | D:3      | Found a sparkling altar of Nemelex Xobeh.
  2921 | D:3      | Became a worshipper of Nemelex Xobeh the Trickster
  3139 | D:3      | Reached XP level 5. HP: 38/38 MP: 9/9
  3157 | D:3      | Learned a level 3 spell: Summon Guardian Golem
  3267 | D:3      | Found a faded altar of an unknown god.
  3791 | D:4      | Found a glowing drain.
  3847 | D:4      | Noticed Grinder
  3850 | Sewer    | Entered a sewer
  3850 | Sewer    | Reached * piety under Nemelex Xobeh
  4361 | Sewer    | Reached skill level 1 in Invocations
  4495 | Sewer    | Reached XP level 6. HP: 43/46 MP: 2/10
  4495 | Sewer    | Found a viscous altar of Jiyva.
  4837 | D:4      | Reached skill level 1 in Hexes
  4837 | D:4      | Paralysed by Grinder for 3 turns
  4847 | D:4      | Paralysed by Grinder for 6 turns
  4848 | D:4      | Killed Grinder
  4849 | D:4      | Reached skill level 6 in Summonings
  4849 | D:4      | Reached XP level 7. HP: 49/52 MP: 2/12
  4960 | D:4      | Gained mutation: Your magical capacity is low. (-10% MP)
                  | [potion of mutation]
  4960 | D:4      | Gained mutation: You are robust. (+10% HP) [potion of
                  | mutation]
  4960 | D:4      | Gained mutation: Your flesh is heat resistant. (rF+)
                  | [potion of mutation]
  5172 | D:4      | Received a gift from Nemelex Xobeh
  5880 | D:4      | Learned a level 4 spell: Summon Lightning Spire
  6351 | D:5      | Entered Level 5 of the Dungeon
  6391 | D:5      | Found a staircase to the Ecumenical Temple.
  6397 | D:5      | Reached ** piety under Nemelex Xobeh
  6412 | D:5      | Reached skill level 5 in Dodging
  6412 | D:5      | Reached XP level 8. HP: 55/66 MP: 2/12
  6519 | D:5      | Reached skill level 1 in Air Magic
  6587 | D:5      | Reached skill level 7 in Summonings
  6656 | D:5      | Found a sand-covered staircase.
  6687 | Ossuary  | Entered an ossuary
  6966 | Ossuary  | Reached skill level 1 in Polearms
  6966 | Ossuary  | Reached XP level 9. HP: 63/72 MP: 5/14
  7566 | D:5      | Reached skill level 5 in Fighting
  7976 | Temple   | Entered the Ecumenical Temple
  8288 | D:6      | Reached skill level 8 in Summonings
  8422 | D:6      | Noticed Edmund
  8462 | D:6      | Killed Edmund
  8594 | D:6      | Found an ornate altar of the Wu Jian Council.
  8834 | D:6      | Received a gift from Nemelex Xobeh
  8842 | D:6      | Noticed Blork the orc
  8856 | D:6      | Killed Blork the orc
  9371 | D:7      | Found a sacrificial altar of Ru.
  9371 | D:7      | Found a snail-covered altar of Cheibriados.
  9620 | D:7      | Noticed Duvessa
  9620 | D:7      | Noticed Dowan
  9640 | D:7      | Killed Duvessa
  9640 | D:7      | Killed Dowan
  9641 | D:7      | Reached skill level 5 in Spellcasting
  9727 | D:7      | Found Bycuk's Firing Range.
  9729 | D:7      | Reached *** piety under Nemelex Xobeh
  9786 | D:7      | Noticed Menkaure
  9804 | D:7      | Killed Menkaure
  9871 | D:7      | Reached skill level 5 in Invocations
  9899 | D:7      | Reached XP level 10. HP: 70/81 MP: 7/15
 10155 | D:7      | Identified the +9 dagger "Mure" {vorpal, Dex+4 SInv}
 10305 | D:7      | Found a basalt altar of Yredelemnul.
 10492 | D:7      | Received a gift from Nemelex Xobeh
 10505 | D:7      | Reached skill level 5 in Polearms
 10701 | D:8      | Reached skill level 9 in Summonings
 10738 | D:8      | Noticed Pikel
 10787 | D:8      | Killed Pikel
 11230 | D:8      | Learned a level 5 spell: Summon Forest
 11422 | D:8      | Noticed a nameless horror
 11443 | D:8      | Reached skill level 1 in Translocations
 11492 | D:8      | Killed a nameless horror
 11743 | D:8      | Found a white marble altar of Elyvilon.
 11759 | D:8      | Noticed Maurice
 11796 | D:8      | Killed Maurice
 11968 | D:8      | Identified the +1 ring mail "Bunwa" {Drain Int+8 Slay+3}
 11981 | D:8      | Received a gift from Nemelex Xobeh
 12048 | D:8      | Reached **** piety under Nemelex Xobeh
 12156 | D:8      | Found a staircase to the Lair.
 12169 | D:8      | Reached XP level 11. HP: 75/91 MP: 13/18
 13070 | D:9      | Received a gift from Nemelex Xobeh
 13747 | D:9      | Reached skill level 10 in Summonings
 13959 | D:9      | Noticed a two-headed ogre
 13988 | D:9      | Killed a two-headed ogre
 14287 | Lair:1   | Entered Level 1 of the Lair of Beasts
 15101 | Lair:1   | Noticed a five-headed hydra
 15120 | Lair:1   | Killed a five-headed hydra
 15121 | Lair:1   | Reached skill level 1 in Armour
 15673 | Lair:1   | Noticed a six-headed hydra
 15680 | Lair:1   | Killed a six-headed hydra
 15681 | Lair:1   | Reached XP level 12. HP: 12/100 MP: 15/19
 16155 | Lair:1   | Reached ***** piety under Nemelex Xobeh
 16389 | Lair:2   | Noticed Erica
 16419 | Lair:1   | Killed Erica
 16566 | Lair:1   | Reached skill level 11 in Summonings
 16593 | Lair:2   | Received a gift from Nemelex Xobeh
 16885 | Lair:2   | Noticed an eight-headed hydra
 16903 | Lair:2   | Killed an eight-headed hydra
 17065 | Lair:2   | Reached skill level 10 in Dodging
 17391 | Lair:2   | Noticed a catoblepas
 17443 | Lair:2   | Noticed a four-headed hydra
 17627 | Lair:2   | Received a gift from Nemelex Xobeh
 18295 | Lair:2   | Killed a catoblepas
 18654 | Lair:2   | Killed a four-headed hydra
 18875 | Lair:3   | Reached XP level 13. HP: 107/108 MP: 6/21
 18902 | Lair:3   | Received a gift from Nemelex Xobeh
 18928 | Lair:3   | Reached skill level 12 in Summonings
 19511 | Lair:3   | Found a staircase to the Shoals.
 20100 | D:10     | Entered Level 10 of the Dungeon
 20303 | D:10     | Found a runed translucent gate.
 20304 | D:10     | Found a runed translucent gate.
 20305 | D:10     | Found a runed translucent gate.
 20331 | D:10     | Reached skill level 10 in Polearms
 20694 | D:10     | Received a gift from Nemelex Xobeh
 21091 | D:10     | Received a gift from Nemelex Xobeh
 21612 | D:11     | Received a gift from Nemelex Xobeh
 21643 | D:11     | Noticed Grum
 21654 | D:11     | Killed Grum
 22252 | D:11     | Noticed Snorg
 22274 | D:11     | Killed Snorg
 22541 | D:11     | Noticed Urug
 22557 | D:11     | Killed Urug
 22694 | D:11     | Noticed Sonja
 22708 | D:11     | Killed Sonja
 23321 | D:12     | Found a staircase to the Orcish Mines.
 23675 | D:12     | Reached skill level 13 in Summonings
 23692 | D:12     | Reached XP level 14. HP: 118/118 MP: 8/23
 23925 | D:12     | Found a hide-covered altar of Uskayaw.
 24277 | Lair:4   | Received a gift from Nemelex Xobeh
 24332 | Lair:4   | Identified the +2 ring mail of the Apple {Harm rF+ Slay+3}
 24385 | Lair:4   | Found a hole to the Spider Nest.
 24639 | Lair:4   | Received a gift from Nemelex Xobeh
 24974 | Lair:4   | Received a gift from Nemelex Xobeh
 25247 | Lair:5   | Found a staircase to the Slime Pits.
 25381 | Lair:5   | Reached skill level 10 in Fighting
 25454 | Lair:5   | Received a gift from Nemelex Xobeh
 25692 | Lair:5   | Identified the +1 flail of Terra Nullius {freeze, Int+3}
 26036 | Lair:6   | Entered Level 6 of the Lair of Beasts
 26045 | Lair:6   | Learned a level 7 spell: Summon Hydra
 26073 | Lair:6   | Reached skill level 10 in Invocations
 26085 | Lair:6   | Reached skill level 5 in Armour
 26096 | Lair:6   | Found a gate leading to a gauntlet.
 26120 | Lair:6   | Reached skill level 14 in Summonings
 26167 | Gauntlet | Entered a Gauntlet
 26167 | Gauntlet | Found a transporter.
 26167 | Gauntlet | Found a transporter.
 26167 | Gauntlet | Found a transporter.
 26171 | Gauntlet | Found a transporter.
 26171 | Gauntlet | Found a transporter.
 26183 | Gauntlet | Found a transporter.
 26185 | Gauntlet | Found a transporter.
 26201 | Gauntlet | Found a transporter.
 26202 | Gauntlet | Found a transporter.
 26219 | Gauntlet | Found a transporter.
 26223 | Gauntlet | Found a transporter.
 26224 | Gauntlet | Received a gift from Nemelex Xobeh
 26237 | Gauntlet | Found a transporter.
 26485 | Gauntlet | Reached XP level 15. HP: 97/128 MP: 18/25
 27506 | Lair:6   | Identified the +2 pair of gloves of Shrieking Wonder {rPois
                  | rC+ Regen+ Int-4}
 27571 | Lair:6   | Received a gift from Nemelex Xobeh
 27696 | Lair:6   | Identified the +4 chain mail "Vyrph" {Dex+4}
 28690 | Orc:1    | Entered Level 1 of the Orcish Mines
 29039 | Orc:1    | Received a gift from Nemelex Xobeh
 29211 | Orc:2    | Entered Level 2 of the Orcish Mines
 29401 | Orc:2    | Reached ****** piety under Nemelex Xobeh
 29749 | Orc:2    | Noticed an orc warlord
 29776 | Orc:2    | Killed an orc warlord
 29792 | Orc:2    | Reached skill level 15 in Summonings
 29944 | Orc:2    | Found Teamiuso's Book Boutique.
 30001 | Orc:2    | Received a gift from Nemelex Xobeh
 30035 | Orc:2    | Found Eptaup's General Store.
 30053 | Orc:2    | Found a staircase to the Elven Halls.
 30161 | Orc:2    | Found Puoceoss's Antique Armour Boutique.
 30167 | Orc:2    | Bought a pair of crude gloves for 256 gold pieces
 30167 | Orc:2    | Identified the +2 pair of gloves of Lightning Storm {Harm
                  | Int+4} (You bought it in a shop on level 2 of the Orcish
                  | Mines)
 30240 | Orc:2    | Found Lanlo's Antique Weapon Boutique.
 30466 | Elf:1    | Entered Level 1 of the Elven Halls
 30495 | Elf:1    | Reached XP level 16. HP: 137/137 MP: 7/26
 30772 | Elf:1    | Found Ashrefati's Magic Scroll Shop.
 30779 | Elf:1    | Bought a scroll of blinking for 82 gold pieces
 30779 | Elf:1    | Bought a scroll of teleportation for 33 gold pieces
 30779 | Elf:1    | Bought a scroll of blinking for 82 gold pieces
 30779 | Elf:1    | Bought a scroll of enchant weapon for 82 gold pieces
 30859 | Elf:1    | Mangled by a +2 halberd of venom

Illustrated notes

Levels and vault maps discovered:
D:1:      nicolae_arrival_somewhat_less_tricky_arrival, layout_basic
D:2:      layout_rooms, uniq_robin
D:3:      layout_basic, overflow_temple_1_default,
          dilly_ecumenical_altar_fadedgnrine
D:4:      layout_layer_cave, serial_glass, glass_columns_a, glass_columns_b,
          portal_sewer_entry_a, uniq_grinder
D:5:      layout_basic, minmay_temple_entry_antechambers, enter_ossuary_3
D:6:      layout_loops_corners, nicolae_wu_jian_wuxing_cycle, dk_noncrumbling_2,
          minmay_hedge_maze, uniq_blork_the_orc, uniq_edmund
D:7:      layout_loops_cross, nicolae_overflow_hidden_temple,
          nicolae_shop_firing_range, uniq_duvessa, uniq_menkaure
D:8:      layout_loops_ring, elyvilon_altar_3, grunt_lair_entry_orc_guard_hut,
          special_room [special_room_orc], uniq_maurice, uniq_pikel
D:9:      layout_stronghold
D:10:     layout_stronghold, ploomutoo_gammafunk_ghost_potion_laboratory,
          minmay_misc_feat_cross, minivault_16
D:11:     layout_irregular_city, wad_dig_loot, uniq_snorg, uniq_sonja,
          uniq_grum, uniq_urug
D:12:     layout_cave_pools, david_orc_3, minivault_26,
          nicolae_uskayaw_en_pointe
Temple:   eino_temple_scatter_basement
Lair:1:   layout_small_grid, minivault_27, minmay_stone_trees_small,
          serial_bayou_shore_a
Lair:2:   lemuel_ratsnest, layout_loops_ring, hangedman_lair_generics_rect,
          uniq_erica
Lair:3:   layout_cave_pods, minmay_shoals_entry_lonely_mermaid
Lair:4:   layout_hall_layers, spider_nest_entry_web_field, grunt_megastairs_2
Lair:5:   layout_roguey [special_room_mythical_zoo], minmay_slime_entry_eyes
Lair:6:   hangedman_lair_tendril_chambers, layout_small_grid,
          gauntlet_entry_generic, grunt_megastairs_1
Orc:1:    layout_caves
Orc:2:    grunt_orc_cross, layout_diamond_mine
Elf:1:    minmay_elf_arrival_summoners, layout_onion_city, serial_shops,
          nicolae_lakefront_shop, shop, nicolae_shop_trees, minmay_elf_sorcery,
          uniq_nikola

Skill      XL: |  1  2  3  4  5  6  7  8  9 10 11 12 13 14 15 16 |
---------------+-------------------------------------------------+-----
Fighting       | 1 2 3 4 5 6 7 8 9 10 11 | 11.4
Dodging        | 3 4 5 6 7 8 9 10 11 12 13 | 13.8
Summonings     | 5 6 7 8 9 10 11 13 14 15 | 15.2
Invocations    | 1 2 3 5 6 7 8 9 10 11 | 11.2
Spellcasting   | 3 4 5 6 7 8 9 |  9.8
Hexes          | 1 2 |  2.0
Air Magic      | 1 3 |  3.0
Polearms       | 1 4 6 7 9 10 12 13 | 13.4
Translocations | 1 3 |  3.0
Armour         | 1 3 4 5 6 |  6.1
Stealth        | |  2.1

Action                   |  1- 3 |  4- 6 |  7- 9 | 10-12 | 13-15 | 16-18 || total
-------------------------+-------+-------+-------+-------+-------+-------++-------
Melee: Club              |    14 |       |       |       |       |       ||    14
       Unarmed           |     2 |       |       |       |       |       ||     2
       Short sword       |    22 |    18 |       |       |       |       ||    40
       Punch             |     1 |     4 |     2 |     2 |    11 |       ||    20
       Dagger            |       |   101 |    51 |    13 |       |       ||   165
       Tailslap          |       |     3 |       |     5 |     8 |       ||    16
       Trident           |       |       |    92 |       |   462 |    32 ||   586
       Spear             |       |       |   110 |   363 |   116 |       ||   589
Throw: Stone             |     1 |     1 |       |       |       |       ||     2
       Boomerang         |       |     1 |       |       |     2 |       ||     3
       Throwing net      |       |       |       |     1 |       |       ||     1
 Cast: Summon Small Mamm |    33 |    19 |    26 |    17 |    23 |       ||   118
       Call Imp          |    15 |    17 |    24 |    25 |    27 |     1 ||   109
       Call Canine Famil |     2 |    19 |    35 |    77 |    66 |     2 ||   201
       Summon Guardian G |       |     1 |    16 |    37 |    65 |     1 ||   120
       Summon Lightning  |       |       |     7 |    55 |    86 |     5 ||   153
       Summon Forest     |       |       |       |     9 |    77 |     3 ||    89
       Summon Hydra      |       |       |       |       |    37 |     5 ||    42
Invok: Draw Destruction  |       |       |       |     8 |    15 |     2 ||    25
       Draw Summoning    |       |       |       |     1 |     1 |       ||     2
       Draw Escape       |       |       |       |     1 |     1 |       ||     2
       Draw Stack        |       |       |       |       |    11 |       ||    11
       Triple Draw       |       |       |       |       |     3 |     1 ||     4
       Stack Five        |       |       |       |       |     3 |       ||     3
       Deal Four         |       |       |       |       |     1 |       ||     1
Evoke: Box of beasts     |       |       |       |     1 |       |       ||     1
  Use: Scroll            |       |     5 |     5 |     7 |    11 |       ||    28
       Potion            |       |     3 |     4 |     1 |     1 |     1 ||    10
 Stab: Sleeping          |     3 |     4 |     4 |     1 |     3 |       ||    15
       Distracted        |       |     1 |     8 |    10 |    14 |     1 ||    34
       Petrified         |       |       |       |     6 |       |       ||     6
Armor: Robe              |     5 |    15 |       |       |       |       ||    20
       Leather armour    |       |     5 |    53 |    55 |    41 |       ||   154
       Troll leather arm |       |       |       |       |   102 |    12 ||   114
Dodge: Dodged            |    44 |    67 |   103 |   176 |   394 |    21 ||   805
